 Dungeon Crawl Stone Soup version 0.13.1-29-g71f4f6b (console) character file.

20983 warlord the Markscentaur (level 12, -5/91 HPs)
             Began as a Centaur Hunter on Mar 23, 2014.
             Was the Champion of Okawaru.
             Killed from afar by a wizard (14 damage)
             ... with a fireball
             ... on Level 8 of the Lair of Beasts.
             The game lasted 01:23:43 (8138 turns).

warlord the Markscentaur (Centaur Hunter)           Turns: 8138, Time: 01:23:44

HP  -5/91        AC 14     Str 16      XL: 12   Next: 45%
MP  20/20        EV  9     Int 14      God: Okawaru [******]
Gold 540         SH  0     Dex 10      Spells:  1 memorised,  9 levels left

Res.Fire  : + . .   See Invis. : .   U - +12,+5 executioner's axe "Tiphus" {freeze, Contam rElec rF+ MR+}
Res.Cold  : . . .   Warding    : .   L - +2 troll leather armour
Life Prot.: . . .   Conserve   : .   (no shield)
Res.Poison: .       Res.Corr.  : .   g - +2 orc wizard hat
Res.Elec. : +       Clarity    : .   (no cloak)
Sust.Abil.: . .     Spirit.Shd : .   (no gloves)
Res.Mut.  : .       Stasis     : .   v - +0 centaur barding {Fly}
Res.Rott. : .       Flight     : .   (no amulet)
Saprovore : . . .                    (no ring)
                                     (no ring)

@: heroism, finesse, very quick, quite resistant to hostile enchantments, fairly
stealthy
A: hooves 3, deformed body, herbivore 1, speed 2, fast metabolism 1, tough skin
3
a: Heroism, Finesse, Renounce Religion, Evoke Flight


You were on level 8 of the Lair of Beasts.
You worshipped Okawaru.
Okawaru was exalted by your worship.
You were hungry.

You visited 3 branches of the dungeon, and saw 23 of its levels.

You collected 520 gold pieces.

Inventory:

Hand weapons
 b - a +1,+1 bow
 j - a +0,-1 battleaxe
 E - a +4,+0 glaive of dragon slaying
 N - a +0,+3 orcish short sword of electrocution
 U - the +12,+5 executioner's axe "Tiphus" (weapon) {freeze, Contam rElec rF+ MR+}
   (Okawaru gifted it to you on level 7 of the Lair of Beasts)

   It has been specially enchanted to freeze those struck by it, causing extra
   injury to most foes and up to double damage against particularly susceptible
   opponents.
   It can also slow down cold-blooded creatures.
   It protects you from fire.
   It insulates you from electricity.
   It affects your resistance to hostile enchantments.
   It causes magical contamination when unequipped.
Missiles
 t - 4 poisoned arrows
 x - 2 throwing nets (quivered)
Armour
 g - a +2 orcish wizard hat (worn)
 v - a +0 centaur barding of flying (worn)
 L - a +2 troll leather armour (worn)
 R - a +0 horned helmet
Magical devices
 s - a wand of digging (2)
 S - a wand of polymorph (16)
 V - a wand of fire (1)
 Z - a wand of cold (4)
Comestibles
 a - an apricot
 c - 4 rotting chunks of sheep flesh
 f - 7 bread rations
 u - 2 pears
 z - 8 grapes
 B - an apple
 D - 3 meat rations
Scrolls
 i - a scroll of amnesia
 y - a scroll of recharging {unknown}
 H - 3 scrolls of enchant weapon II {unknown}
 M - a scroll of acquirement {unknown}
 T - a scroll of silence {unknown}
Jewellery
 A - an uncursed amulet of stasis
 O - a cursed ring of hunger {unknown}
 W - an uncursed amulet of warding {unknown}
 X - an uncursed amulet of inaccuracy {unknown}
 Y - the amulet of Pnugaar {Stasis Str+2 Dex+4}
   (You found it on level 12 of the Dungeon)

   [amulet of stasis]

   It affects your strength (+2).
   It affects your dexterity (+4).
Potions
 d - a potion of resistance {unknown}
 h - a potion of speed {unknown}
 k - a potion of flight {unknown}
 l - 4 potions of curing
 m - 2 potions of invisibility {unknown}
 o - 2 potions of magic {unknown}
 p - a potion of degeneration {unknown}
 q - a potion of agility {unknown}
 r - 3 potions of paralysis {unknown}
 w - a potion of decay {unknown}
 F - a potion of might {unknown}
 G - 2 potions of heal wounds {unknown}
 I - 2 potions of poison {unknown}
 J - 2 potions of brilliance {unknown}
 K - a potion of restore abilities {unknown}
Books
 n - a book of Clouds

   Spells                             Type                      Level
   Mephitic Cloud                     Conjuration/Poison/Air       3
   Conjure Flame                      Conjuration/Fire             3
   Poisonous Cloud                    Conjuration/Poison/Air       6
   Freezing Cloud                     Conjuration/Ice/Air          6
   Ring of Flames                     Charms/Fire                  7
 P - a book of Wizardry

   Spells                             Type                      Level
   Summon Elemental                   Summoning                    4
   Agony                              Necromancy                   5
   Force Lance                        Conjuration                  5
   Fireball                           Conjuration/Fire             5
   Haste                              Charms                       6
   Invisibility                       Hexes                        6


   Skills:
 - Level 4.2(9.2) Fighting
 + Level 9.9(14.9) Axes
 - Level 19.6(24.6) Bows
 - Level 1.3(6.3) Dodging
 - Level 0.5(5.5) Stealth
 - Level 7.0 Invocations


You had 9 spell levels left.
You knew the following spells:

 Your Spells              Type           Power        Failure   Level  Hunger
a - Cure Poison           Pois           #.........   43%         2    ###....


Dungeon Overview and Level Annotations

Branches:
Dungeon (14/27)            Temple (1/1) D:4            Lair (8/8) D:9
    Orc: D:6-11       Swamp: Lair:3-6    Shoals: Lair:3-6     Snake: Lair:3-6
 Spider: Lair:3-6     Slime: Lair:6-8

Altars:
Elyvilon
Fedhas
Kikubaaqudgha
Nemelex Xobeh
Okawaru
Sif Muna
Vehumet
Yredelemnul

Shops:
D:7 %

Annotations:
D:5 Grinder, Pikel
D:8 Joseph


Innate Abilities, Weirdness & Mutations

You have hooves in place of feet.
Armour fits poorly on your strangely shaped body.
You digest meat inefficiently.
You cover ground very quickly.
You have a fast metabolism.
You have extremely tough skin (AC +3).


Message History

Unknown command.
Drink which item? (? for menu, Esc to quit)
Okay, then.
Unknown command.
Unknown command.
Unknown command.
Read which item? (? for menu, Esc to quit)
As you read the scroll of teleportation, it crumbles to dust.
You feel strangely unstable.
Found a scroll labeled FORHIWOITH {tried on troll hide}.
The adder bites the fungus.
The adder bites the fungus but does no damage.
Your surroundings suddenly seem different.
A wizard comes into view. It is wielding an orcish dagger.
The wizard shouts!
The wizard howls an incantation.
The wizard's fingertips start to glow.
The wizard casts a spell at you.
The fireball explodes!
The fireball engulfs you! You resist.
You die...

#########
.......@#
...8.8..#
#..8.8...+
#...8.8.@#
#..8.8...#
...8.8..#
..8.8...+
........#
########


You could see a wizard.

Vanquished Creatures
  A hydra (D:12)
  2 giant amoebae (Lair:7)
  2 hill giants
  2 cyclopes
  3 elephants (Lair:7)
  5 spiny frogs
  A queen ant (Lair:4)
  The ghost of warlord the Archer, an average CeHu of Okawaru (D:7)
  A troll (D:9)
  2 komodo dragons
  3 blink frogs (Lair:7)
  Prince Ribbit (D:8)
  2 brown oozes (Lair:7)
  A raven (D:12)
  A wyvern (D:12)
  31 yaks
  4 hippogriffs
  2 porcupines
  A manticore (D:9)
  20 soldier ants (Lair:4)
  2 necrophages
  3 orc warriors
  3 ice beasts
  A sky beast (D:6)
  3 centaurs
  A crocodile (D:10)
  2 big kobolds
  2 giant slugs
  2 cyclops zombies (D:13)
  7 water moccasins
  5 giant frogs
  A manticore zombie (D:12)
  A manticore skeleton (D:8)
  An eye of draining (D:11)
  A troll zombie (D:7)
  4 wights (D:11)
  A yak skeleton (D:11)
  5 crimson imps
  A goliath beetle (D:11)
  8 hounds
  A jelly (D:8)
  4 orc priests
  9 orc wizards
  3 scorpions
  5 iguanas
  6 sheep (Lair:7)
  21 worker ants
  A giant centipede (Lair:4)
  13 adders
  An inept item mimic (D:9)
  12 green rats
  A goliath beetle zombie (D:7)
  2 worms
  A giant gecko (Lair:3)
  An ooze (D:10)
  28 orcs
  2 giant cockroaches (D:2)
  3 goblins
  7 hobgoblins
  9 jackals
  12 kobolds
  5 quokkas
  10 bats
  A hobgoblin zombie (D:8)
  7 rats
  A butterfly (D:7)
  2 fungi
  2 plants
310 creatures vanquished.

Vanquished Creatures (others)
  2 plants
2 creatures vanquished.

Grand Total: 312 creatures vanquished

Notes
Turn   | Place    | Note
--------------------------------------------------------------
     0 | D:1      | warlord, the Centaur Hunter, began the quest for the Orb.
     0 | D:1      | Reached XP level 1. HP: 17/17 MP: 0/0
    24 | D:1      | Found a sparkling altar of Nemelex Xobeh.
    83 | D:2      | Found a deep blue altar of Sif Muna.
    84 | D:2      | Found a sparkling altar of Nemelex Xobeh.
   129 | D:2      | Reached XP level 2. HP: 15/24 MP: 1/1
   151 | D:2      | Reached skill level 6 in Bows
   476 | D:4      | Found a staircase to the Ecumenical Temple.
   501 | Temple   | Entered the Ecumenical Temple
   513 | Temple   | Became a worshipper of Warmaster Okawaru
   620 | D:4      | Reached XP level 3. HP: 25/29 MP: 2/2
   652 | D:4      | Found an ancient bone altar of Kikubaaqudgha.
   679 | D:4      | Reached skill level 7 in Bows
   737 | D:5      | Entered Level 5 of the Dungeon
   752 | D:5      | Noticed a slave
   752 | D:5      | Noticed a slave
   753 | D:5      | Noticed Pikel
   753 | D:5      | Noticed a slave
   766 | D:6      | Reached XP level 4. HP: 28/36 MP: 2/2
   792 | D:6      | Reached skill level 8 in Bows
   795 | D:6      | Reached XP level 5. HP: 11/41 MP: 3/3
   840 | D:6      | Acquired Okawaru's first power
   886 | D:6      | Noticed a sky beast
   902 | D:6      | Killed a sky beast
   902 | D:6      | Reached skill level 9 in Bows
   949 | D:5      | Noticed Grinder
   995 | D:6      | Reached XP level 6. HP: 30/48 MP: 4/4
  1100 | D:7      | Reached skill level 10 in Bows
  1286 | D:7      | Found Kiogidap's Food Emporium.
  1381 | D:7      | Reached skill level 11 in Bows
  1381 | D:7      | Reached XP level 7. HP: 53/53 MP: 4/4
  1552 | D:7      | Noticed warlord's ghost (average CeHu)
  1619 | D:7      | Killed warlord's ghost
  1836 | D:8      | Reached XP level 8. HP: 61/61 MP: 10/10
  1894 | D:8      | Reached skill level 12 in Bows
  2154 | D:9      | Reached skill level 13 in Bows
  2202 | D:9      | Noticed a troll
  2233 | D:9      | Killed a troll
  2387 | D:9      | Reached skill level 14 in Bows
  2520 | D:9      | Reached XP level 9. HP: 53/67 MP: 12/12
  2676 | D:10     | Entered Level 10 of the Dungeon
  2788 | D:10     | Reached skill level 15 in Bows
  3358 | D:11     | Noticed a cyclops
  3444 | D:10     | Noticed a hill giant
  3470 | D:10     | Killed a hill giant
  3470 | D:10     | Received a gift from Okawaru
  3470 | D:10     | Reached skill level 16 in Bows
  3633 | D:11     | Acquired Okawaru's second power
  3663 | D:11     | Noticed a hill giant
  3670 | D:11     | Killed a hill giant
  3670 | D:11     | Reached skill level 17 in Bows
  3670 | D:11     | Reached XP level 10. HP: 73/73 MP: 5/12
  3697 | D:11     | Received a gift from Okawaru
  3812 | D:11     | Reached skill level 18 in Bows
  3952 | D:11     | Found a blossoming altar of Fedhas.
  3964 | D:11     | Killed a cyclops
  3964 | D:11     | Received a gift from Okawaru
  4318 | D:12     | Noticed an eight-headed hydra
  4342 | D:12     | Killed an eight-headed hydra
  4342 | D:12     | Reached skill level 19 in Bows
  4535 | D:12     | Got a twitching bone amulet
  4663 | D:12     | Reached skill level 5 in Invocations
  4701 | D:12     | Received a gift from Okawaru
  4723 | D:12     | Reached XP level 11. HP: 73/79 MP: 17/17
  4758 | D:12     | Noticed a cyclops
  4775 | D:12     | Killed a cyclops
  4871 | D:12     | Received a gift from Okawaru
  5032 | D:12     | Learned a level 2 spell: Cure Poison
  5199 | D:14     | Entered Level 14 of the Dungeon
  5199 | D:14     | Noticed a skeletal warrior
  5474 | D:8      | Noticed Joseph
  5549 | D:8      | Noticed Prince Ribbit
  5597 | D:8      | Killed Prince Ribbit
  5635 | D:9      | Found a staircase to the Lair.
  5636 | D:9      | Noticed a komodo dragon
  5666 | D:9      | Killed a komodo dragon
  5694 | Lair:1   | Entered Level 1 of the Lair of Beasts
  5802 | Lair:1   | Received a gift from Okawaru
  6063 | Lair:5   | Noticed a death yak
  6066 | Lair:5   | Noticed a death yak
  6067 | Lair:5   | Noticed a death yak
  6070 | Lair:5   | Noticed a death yak
  6142 | Lair:4   | Reached skill level 1 in Axes
  6650 | Lair:4   | Reached skill level 5 in Axes
  7453 | Lair:6   | Reached XP level 12. HP: 71/91 MP: 20/20
  7520 | Lair:6   | Received a gift from Okawaru
  7951 | Lair:7   | Received a gift from Okawaru
  8001 | Lair:7   | Got a bloodstained executioner's axe {god gift}
  8002 | Lair:7   | Identified the executioner's axe "Tiphus" {god gift, freeze, Contam rElec rF+ MR+} (Okawaru gifted it to you on level 7 of the Lair of Beasts)
  8106 | Lair:8   | Entered Level 8 of the Lair of Beasts
  8125 | Lair:8   | HP: 4/91 [electric eel/bolt of electricity (3)]
  8138 | Lair:8   | Killed from afar by a wizard

Action                   |  1- 3 |  4- 6 |  7- 9 | 10-12 || total
-------------------------+-------+-------+-------+-------++-------
Melee: Short sword       |    47 |       |    43 |     6 ||    96
       Trident           |       |       |     9 |       ||     9
       War axe           |       |       |     3 |       ||     3
       Glaive            |       |       |       |     4 ||     4
       Battleaxe         |       |       |       |   114 ||   114
       Bow               |       |       |       |     2 ||     2
       Executioner's axe |       |       |       |    36 ||    36
 Fire: Bow               |    27 |    89 |   307 |   693 ||  1116
Invok: Heroism           |       |       |       |     3 ||     3
       Finesse           |       |       |       |     1 ||     1
Evoke: Wand              |       |       |     3 |    36 ||    39
  Use: Scroll            |       |       |    12 |     2 ||    14
       Potion            |       |       |       |     3 ||     3
